 Dungeon Crawl Stone Soup version 0.29-a0-275-g389c0b56f3 (webtiles) character file.

Game seed: 17711844473310268052

22 jmlagarto the Conjurer (level 2, 0/17 HPs)
             Began as an Octopode Conjurer on Mar 12, 2022.
             Was a Plaything of Xom.
             Slain by a rat (1 damage)
             ... on level 2 of the Dungeon.
             The game lasted 00:02:36 (1033 turns).

jmlagarto the Conjurer (Octopode Conjurer)          Turns: 1033, Time: 00:02:40

Health: 0/17       AC:  1    Str:  6    XL:     2   Next: 91%
Magic:  4/5        EV: 13    Int: 20    God:    Xom [..*...]
Gold:   53         SH:  0    Dex: 10    Spells: 4/5 levels left

rFire   . . .      SeeInvis .   b - +0 whip (venom)
rCold   . . .      Faith    +   (no shield)
rNeg    . . .      Spirit   .   (helmet restricted)
rPois   .          Reflect  .   h - amulet of faith
rElec   .          Harm     .   (no ring)
rCorr   .          Rampage  .   (no ring)
Will    .....                   (no ring)
Stlth   +++.......              (no ring)
HPRegen 0.05/turn               (no ring)
MPRegen 0.09/turn               (no ring)
                                (no ring)
                                (no ring)

@: attractive
A: almost no armour, amphibious, 8 rings, camouflage 1, gelatinous body 1,
(nimble swimmer 1), tentacles
a: Renounce Religion


You were on level 2 of the Dungeon.
You worshipped Xom.
You were a toy of Xom.
You visited 1 branch of the dungeon, and saw 2 of its levels.

You collected 53 gold pieces.

Inventory:

Hand Weapons
 b - a +0 whip of venom (weapon)
 g - a +2 antimagic mace
Jewellery
 h - an amulet of faith (around mantle)
Scrolls
 c - a scroll of teleportation {unknown}
 d - a scroll of fog {unknown}
 f - 2 scrolls of identify {unknown}
Potions
 a - a potion of magic
 i - a potion of heal wounds {unknown}


   Skills:
 + Level 0.1 Maces & Flails
 + Level 2.0 Dodging
 + Level 3.0 Stealth
 + Level 2.2 Spellcasting
 + Level 4.5 Conjurations


You had 4 spell levels left.
You knew the following spells:

 Your Spells              Type           Power      Damage    Failure   Level
a - Magic Dart            Conj           80%        1d7       2%          1

Your spell library contained the following spells:

 Spells                   Type           Power      Damage    Failure   Level
 Searing Ray              Conj           40%        2d5       3%          2
 Dazzling Flash           Conj/Hex       22%        N/A       19%         3
 Mephitic Cloud           Conj/Pois/Air  8%         N/A       26%         3
 Ignite Poison            Fire/Tmut/Pois 2%         N/A       43%         3
 Fulminant Prism          Conj/Hex       5%         3d7       52%         4
 Iskenderun's Mystic Bla  Conj/Tloc      11%        2d4       52%         4
 Freezing Cloud           Conj/Ice/Air   4%         6-21      93%         5


Dungeon Overview and Level Annotations

Branches:
Dungeon (2/15)

Altars:
Xom


Innate Abilities, Weirdness & Mutations

You cannot wear most types of armour.
You are amphibious.
You can wear up to eight rings at the same time.
Your skin changes colour to match your surroundings (Stealth+).
Your rubbery body absorbs attacks. (AC +1, EV +1)
((You are camouflaged when in or above water. (Stealth+)))
You have tentacles for arms and can constrict up to eight enemies at once.


Message History

The ball python barely misses you. The ball python misses you. x2
You barely miss the ball python.
The ball python is moderately wounded.
You constrict the ball python. The ball python bites you.
The ball python barely misses you.
You hit the ball python.
You kill the ball python!
Your Stealth skill increases to level 3!
i - a metallic emerald potion A hobgoblin comes into view.
A worm and a rat come into view.
The rat attacks as you move away! The rat closely misses you.
The helpless worm fails to defend itself.
You hit the worm.
The worm is poisoned.
You grab the worm. You squeeze the worm, but do no damage.
The worm is moderately wounded.
You constrict the worm, but do no damage.
The rat bites you. The worm bites you!
You hit the worm but do no damage.
The worm is moderately wounded.
You constrict the worm. The rat bites you. The rat closely misses you.
You hit the worm but do no damage.
The worm looks as sick as possible!
You squeeze the worm.
The worm is moderately wounded.
You constrict the worm. The worm closely misses you. The rat bites you.
* * * LOW HITPOINT WARNING * * *
Aiming: Magic Dart (safe; 2% risk of failure)
Press: ? - help, Q - select action Shift-Dir - straight line, f - worm
Aim: a worm (heavily wounded, constricted by you, extremely poisoned, 100% to hit)
The magic dart hits the worm.
The worm is severely wounded.
You constrict the worm. The rat bites you.
* * * LOW HITPOINT WARNING * * *
It was a potion of attraction.
You feel attractive to monsters.
You constrict the worm.
You kill the worm!
The rat bites you.
You die... "It's not fun and games unless someone loses an eye."

#.# ## ## ##.#
#.# #..# #.#
#..# #.# #..#
#.#
##..######..
#.#
#......)...#
##.###
##.#..######
##..@.# #
#.....# #
####...r.#.#
###...#
#.#........#.#
##..#
.............#
#..#
...#.#......##
#..#
...........##
#..#
...#.#....##
#..#
.......#.##
#..#
....####.#
#..#


You could see a rat.

Vanquished Creatures
  A worm (D:2)
  2 endoplasms (D:1)
  A giant cockroach (D:1)
  A hobgoblin (D:1)
  3 kobolds
  A quokka (D:1)
  6 ball pythons
  2 bats (D:1)
  A frilled lizard (D:2)
  3 rats (D:1)
21 creatures vanquished.

Vanquished Creatures (others)
  A fungus (D:1)
  2 plants (D:1)
3 creatures vanquished.

Grand Total: 24 creatures vanquished

Notes
Turn   | Place    | Note
-------+----------+-------------------------------------------
     0 | D:1      | jmlagarto the Octopode Conjurer began the quest for the
                  | Orb.
     0 | D:1      | Reached XP level 1. HP: 11/11 MP: 3/3
   177 | D:1      | Reached XP level 2. HP: 17/17 MP: 5/5
   845 | D:1      | Found a faded altar of an unknown god.
   850 | D:1      | Prayed at the altar of an unknown god.
   850 | D:1      | Became a worshipper of Xom of Chaos
  1033 | D:2      | Slain by a rat

Illustrated notes

Levels and vault maps discovered:
D:1:      onia_arrival_handbag, layout_loops_ring,
          shapermc_ecumenical_altar_petra
D:2:      minmay_spotlight, layout_loops_ring, serial_co_window_serial,
          co_window_corner_a, co_window_paths_a, co_window_paths_a,
          co_window_corner_a, co_window_paths_a, co_window_unsneaky_path_b,
          co_window_broadway_c, co_window_corner_ca, co_window_4corner_a,
          co_window_paths_d, glass_columns_c, glass_columns_a, glass_columns_b,
          glass_columns_a, glass_columns_a, minmay_indecisive_spiral

Skill      XL: |  1  2 |
---------------+-------+-----
Stealth        | 3 |  3.0
Maces & Flails | |  0.1
Dodging        | |  2.0
Spellcasting   | |  2.2
Conjurations   | |  4.5

Action                   || total
-------------------------++-------
Melee: Whip              ||    43
       Tentacles         ||    14
       Constrict         ||    11
 Cast: Magic Dart        ||     7
  Use: Potion            ||     1
 Stab: Sleeping          ||     9
Armor: Skin              ||     3
Dodge: Dodged            ||    21

Table legend: (Time is in decaauts)
 A = Elapsed time spent in this place.
 B = Non-inter-level travel time spent in this place.
 C = Inter-level travel time spent in this place.
 D = Time resting spent in this place.
 E = Time spent auto-exploring this place.
 F = Levels seen in this place.
 G = Mean time per level.
                   A        B        C        D        E       F      G
               +--------+--------+--------+--------+--------+-----+--------+
         Total |   1036 |   1014 |     22 |      0 |    816 |   2 |  518.0 |
       Dungeon |   1036 |   1014 |     22 |      0 |    816 |   2 |  518.0 |
               +--------+--------+--------+--------+--------+-----+--------+

Top non-repeatable levels by time:
     D:1: 880 daAuts
     D:2: 155 daAuts
